[Event "Titled Tuesday Blitz July 25 Late 2023"]
[White "Sargsyan, Anna M."]
[Black "WindWhistler11"]
[WhiteFideId "13308130"]
[WhiteElo "2565"]
[BlackElo "2447"]
[Result "1-0"]
[Round "3"]
[TimeControl "180+2"]
[Date "2023.07.25"]
[WhiteClock "0:00:49"]
[BlackClock "0:00:24"]
[Board "149"]

1. d4 f5 2. g3 Nf6 3. Bg2 g6 4. c4 Bg7 5. Nc3 O-O 6. Bg5 d6 7. Bxf6 Bxf6 8. e4 c5 9. Nge2 Nc6 10. dxc5 dxc5 11. Qc1 Nb4 12. O-O Nd3 13. Qc2 Ne5 14. Rad1 Qe8 15. Nd5 Qf7 16. b3 Bg7 17. Nec3 fxe4 18. Qxe4 Bg4 19. f4 Nc6 20. Rde1 Bf5 21. Qe2 e6 22. Nb5 Rad8 23. g4 Kh8 24. gxf5 exd5 25. cxd5 Nd4 26. Nxd4 Bxd4+ 27. Kh1 Qxf5 28. Qe6 Rd7 29. Qxf5 Rxf5 30. Bh3 Rdxd5 31. Bxf5 Rxf5 32. Re8+ Kg7 33. Re7+ Rf7 34. Rfe1 Bf6 35. Rxf7+ Kxf7 36. Kg2 b6 37. Kf3 Bc3 38. Re2 Bd4 39. Kg4 Kf6 40. Kf3 h5 41. Ke4 Ke6 42. Rg2 Kf6 43. Kd5 Be3 44. Kc6 Bxf4 45. Kb7 b5 46. Kxa7 b4 47. Kb6 Be3 48. Kb5 g5 49. Re2 Bd4 50. Kc4 g4 51. Kd5 Kf5 52. Re8 h4 53. Rf8+ Kg5 54. Ke4 Bg1 55. Rg8+ Kh5 56. Kf5 Kh6 57. Rxg4 Bxh2 58. Rxh4+ 1-0


[Site "https://www.chess.com"]

[Event "Titled Tuesday Blitz July 25 Late 2023"]
[White "Ganiev, Roman"]
[Black "Alahakoon, Isuru"]
[WhiteFideId "4131452"]
[BlackFideId "9900993"]
[WhiteElo "2526"]
[BlackElo "2343"]
[Result "0-1"]
[Round "3"]
[TimeControl "180+2"]
[Date "2023.07.25"]
[WhiteClock "0:00:58"]
[BlackClock "0:01:00"]
[Board "150"]

1. e4 d5 2. exd5 Qxd5 3. Nc3 Qa5 4. d4 Nf6 5. Nf3 Bg4 6. h3 Bh5 7. Bc4 Nc6 8. g4 Bg6 9. Be3 O-O-O 10. Qd2 e5 11. d5 Bb4 12. O-O-O Ne4 13. Nxe4 Bxd2+ 14. Bxd2 Qa4 15. Bb3 Qxe4 16. Ng5 Qe2 17. dxc6 bxc6 18. Bxf7 Bxf7 19. Nxf7 Qc4 20. Nxd8 Qxa2 21. Bc3 Qa1+ 22. Kd2 Rxd8+ 23. Ke2 Qa6+ 24. Ke3 Qb6+ 25. Ke2 Rf8 26. Rhf1 Qb5+ 27. Ke1 Qc4 28. Rd3 Qe4+ 29. Re3 Qxc2 30. Rxe5 Rd8 0-1


[Site "https://www.chess.com"]

[Event "Titled Tuesday Blitz July 25 Late 2023"]
[White "Shapiro, Viktor"]
[Black "Xia, Brandon"]
[WhiteFideId "4175700"]
[BlackFideId "30921880"]
[WhiteElo "2513"]
[BlackElo "2352"]
[Result "1-0"]
[Round "3"]
[TimeControl "180+2"]
[Date "2023.07.25"]
[WhiteClock "0:00:23"]
[BlackClock "0:00:18"]
[Board "151"]

1. c4 g6 2. Nc3 Bg7 3. Nf3 d6 4. d4 e5 5. Bg5 f6 6. Bh4 Ne7 7. dxe5 dxe5 8. Qxd8+ Kxd8 9. O-O-O+ Nd7 10. e4 c6 11. Nd2 Kc7 12. f3 a5 13. b3 Nf8 14. Bf2 Ne6 15. c5 Bh6 16. Kb2 Bxd2 17. Rxd2 Bd7 18. Bc4 Rad8 19. Rhd1 Bc8 20. Rd6 Nf4 21. g3 Nh5 22. Be1 Rhf8 23. Nb5+ Kb8 24. Bxa5 Rxd6 25. cxd6 Ng8 26. Bc7+ Ka8 27. a4 b6 28. Bxb6 cxb5 29. Bxb5 Kb7 30. a5 f5 31. d7 Bxd7 32. Rxd7+ Kb8 33. a6 1-0


[Site "https://www.chess.com"]

[Event "Titled Tuesday Blitz July 25 Late 2023"]
[White "Machidon, Cristi"]
[Black "kiwibobo"]
[WhiteFideId "13904590"]
[WhiteElo "2512"]
[BlackElo "2336"]
[Result "1-0"]
[Round "3"]
[TimeControl "180+2"]
[Date "2023.07.25"]
[WhiteClock "0:00:34"]
[BlackClock "0:00:00"]
[Board "152"]

1. d4 Nf6 2. c4 g6 3. Nc3 d5 4. Nf3 Bg7 5. Bf4 O-O 6. e3 c5 7. dxc5 Qa5 8. Rc1 dxc4 9. Bxc4 Qxc5 10. Bb3 Nc6 11. O-O Qa5 12. Qe2 Bf5 13. h3 Ne4 14. Nd5 e5 15. Bh2 Nf6 16. Rxc6 Nxd5 17. Rcc1 Nb4 18. e4 Bd7 19. Rfd1 Bb5 20. Qe1 Rac8 21. Bxe5 Nc6 22. Bxg7 Kxg7 23. Qe3 Qb6 24. Qxb6 axb6 25. Rd7 Ne5 26. Rxc8 Nxd7 27. Rc7 Nc5 28. Bd5 Kf6 29. e5+ Kg7 30. Ng5 Be8 31. b4 Nd7 32. e6 Ne5 33. exf7 Nxf7 34. Ne6+ Kg8 35. Nxf8 Kxf8 36. Rxb7 1-0


[Site "https://www.chess.com"]

[Event "Titled Tuesday Blitz July 25 Late 2023"]
[White "Hercegovac, Neven"]
[Black "Tikhonov, Viacheslav"]
[WhiteFideId "2839135"]
[BlackFideId "44196407"]
[WhiteElo "2322"]
[BlackElo "2509"]
[Result "1/2-1/2"]
[Round "3"]
[TimeControl "180+2"]
[Date "2023.07.25"]
[WhiteClock "0:01:20"]
[BlackClock "0:01:30"]
[Board "153"]

1. Nf3 Nf6 2. b3 e6 3. Bb2 d5 4. e3 Be7 5. d4 O-O 6. Nbd2 a5 7. a3 b6 8. Bd3 Bb7 9. O-O Nbd7 10. Ne5 Nxe5 11. dxe5 Nd7 12. f4 f6 13. Rf3 f5 14. Rh3 Re8 15. Qh5 Nf8 16. g4 g6 17. Qh6 c5 18. gxf5 exf5 19. Bxf5 gxf5 20. Rg3+ Ng6 21. Rxg6+ hxg6 22. Qxg6+ Kh8 23. e6+ d4 24. Qh6+ Kg8 25. Qg6+ Kh8 26. Qh6+ Kg8 27. Qg6+ Kh8 1/2-1/2


[Site "https://www.chess.com"]

[Event "Titled Tuesday Blitz July 25 Late 2023"]
[White "Coelho, Ramyres Santana"]
[Black "Koc, Przemyslaw"]
[WhiteFideId "2120690"]
[BlackFideId "1109081"]
[WhiteElo "2286"]
[BlackElo "2499"]
[Result "0-1"]
[Round "3"]
[TimeControl "180+2"]
[Date "2023.07.25"]
[WhiteClock "0:00:12"]
[BlackClock "0:00:57"]
[Board "154"]

1. e4 d6 2. d4 Nf6 3. Nc3 e5 4. dxe5 dxe5 5. Qxd8+ Kxd8 6. Nf3 Bd6 7. Bc4 Be6 8. Bxe6 fxe6 9. Ng5 Ke7 10. Nb5 Nc6 11. Nxd6 cxd6 12. f3 Nd4 13. Kd1 d5 14. c3 Nc6 15. Re1 h6 16. Nh3 Rhd8 17. Kc2 Rac8 18. Kb1 d4 19. Bd2 Rd7 20. a4 a5 21. Ra3 Ne8 22. cxd4 exd4 23. Nf4 Nd6 24. Rc1 g5 25. Nd3 b6 26. b4 axb4 27. Nxb4 Na5 28. Rxc8 Nxc8 29. Na6 Nc4 30. Bb4+ Ke8 31. Rd3 e5 32. Nb8 Ra7 33. Nc6 Rxa4 34. Bd2 Kd7 35. Nxd4 Nxd2+ 36. Rxd2 Rxd4 37. Ra2 Kc6 38. Ra8 Kb7 39. Ra2 b5 40. Rb2 Kb6 41. Rc2 Nd6 42. h4 Nc4 43. Kc1 gxh4 44. Ra2 Rd3 45. Ra8 h3 46. gxh3 Rxf3 47. Rh8 Rxh3 48. Rg8 Kc5 49. Rc8+ Kd4 50. Rb8 Kxe4 51. Rxb5 Rh1+ 52. Kc2 Na3+ 53. Kb2 Nxb5 54. Ka2 h5 0-1


[Site "https://www.chess.com"]

[Event "Titled Tuesday Blitz July 25 Late 2023"]
[White "Mortazavi, Ali"]
[Black "Schut, Han"]
[WhiteFideId "401323"]
[BlackFideId "1005561"]
[WhiteElo "2498"]
[BlackElo "2273"]
[Result "1-0"]
[Round "3"]
[TimeControl "180+2"]
[Date "2023.07.25"]
[WhiteClock "0:00:13"]
[BlackClock "0:00:03"]
[Board "155"]

1. Nf3 Nf6 2. g3 g6 3. Bg2 Bg7 4. O-O O-O 5. d3 d5 6. Nbd2 c5 7. e3 Nc6 8. e4 h6 9. Re1 Be6 10. c3 Qd7 11. e5 Ne8 12. d4 cxd4 13. cxd4 Rc8 14. Nb3 b6 15. a3 Bf5 16. Nh4 Bg4 17. Bf3 Bxf3 18. Qxf3 Nc7 19. Be3 Ne6 20. Qe2 Qb7 21. Rac1 Rc7 22. Qd2 Kh7 23. f4 Rfc8 24. f5 Nf8 25. e6 fxe6 26. fxg6+ Kg8 27. Bxh6 Nd8 28. Rxc7 Qxc7 29. Qg5 e5 30. Bxg7 Kxg7 31. Nf5+ Kg8 32. Nxe7+ Kg7 33. Nxc8 Nde6 34. Qxe5+ Kxg6 35. Qxc7 1-0


[Site "https://www.chess.com"]

[Event "Titled Tuesday Blitz July 25 Late 2023"]
[White "Khater, Sherif"]
[Black "Floresvillar Gonzalez, Luis Migu"]
[WhiteFideId "2034280"]
[BlackFideId "5100542"]
[WhiteElo "2480"]
[BlackElo "2106"]
[Result "1-0"]
[Round "3"]
[TimeControl "180+2"]
[Date "2023.07.25"]
[WhiteClock "0:02:03"]
[BlackClock "0:00:00"]
[Board "156"]

1. d4 Nf6 2. Bg5 h6 3. Bxf6 exf6 4. e3 d5 5. c4 Be6 6. cxd5 Bxd5 7. Nc3 Bb4 8. Ne2 c6 9. a3 Ba5 10. b4 Bc7 11. Nxd5 Qxd5 12. Nc3 Qd7 13. Bc4 O-O 14. Qh5 Re8 15. O-O Re7 16. Rad1 Na6 17. d5 c5 18. d6 Bxd6 19. Nb5 Bxh2+ 20. Qxh2 Qc6 21. Rd6 Qc8 22. Rfd1 cxb4 23. Rd8+ Qxd8 24. Rxd8+ Rxd8 25. Qf4 bxa3 26. Nxa3 Red7 27. Bxa6 bxa6 28. Nc2 Rd1+ 29. Kh2 R8d5 30. Qb8+ Kh7 31. Nd4 Rh5+ 32. Kg3 Rg5+ 33. Kf3 Rg1 34. g3 Rf1 35. Qxa7 a5 36. Qxf7 h5 37. Kg2 Ra1 38. Ne6 Rg6 39. Nf8+ 1-0


[Site "https://www.chess.com"]

[Event "Titled Tuesday Blitz July 25 Late 2023"]
[White "Hamidi, Amir Mohammad"]
[Black "campochess"]
[WhiteFideId "12563285"]
[WhiteElo "2782"]
[BlackElo "2158"]
[Result "0-1"]
[Round "3"]
[TimeControl "180+2"]
[Date "2023.07.25"]
[WhiteClock "0:00:00"]
[BlackClock "0:00:37"]
[Board "157"]

1. e4 c5 2. Nc3 Nc6 3. g3 g6 4. Bg2 Bg7 5. Nge2 d6 6. d3 e6 7. Be3 Nge7 8. Qd2 Nd4 9. O-O Nec6 10. f4 f5 11. Rac1 Nxe2+ 12. Nxe2 O-O 13. c3 Bd7 14. d4 cxd4 15. cxd4 Ne7 16. d5 fxe4 17. Bxe4 e5 18. Bg2 Nf5 19. Bf2 Qf6 20. fxe5 Qxe5 21. Nc3 Nd4 22. Rce1 Qf6 23. Be3 Nf5 24. g4 Rae8 25. gxf5 Bxf5 26. Bg5 Qf7 27. Re6 Bxe6 28. Rxf7 Bxf7 29. h4 Re5 30. Bh6 Rfe8 31. Bxg7 Kxg7 32. Qd4 Kg8 33. Ne4 b6 34. Nf6+ Kf8 35. Nxe8 Bxe8 36. Qb4 Ke7 37. Qa4 Bxa4 0-1


[Site "https://www.chess.com"]

[Event "Titled Tuesday Blitz July 25 Late 2023"]
[White "Prydun, Andriy"]
[Black "Dimitrov, Atanas"]
[WhiteFideId "14145898"]
[BlackFideId "2901315"]
[WhiteElo "2332"]
[BlackElo "2684"]
[Result "0-1"]
[Round "3"]
[TimeControl "180+2"]
[Date "2023.07.25"]
[WhiteClock "0:02:32"]
[BlackClock "0:02:31"]
[Board "158"]

1. e4 c5 2. Nf3 d6 3. c3 Nf6 4. h3 g6 5. Bd3 Bg7 6. Bc2 O-O 7. O-O Nc6 8. a3 b5 9. d4 cxd4 10. cxd4 Bb7 11. Nc3 a6 12. d5 Na5 13. Bd2 Nc4 14. Bc1 Rc8 15. Nd4 Nd7 16. Re1 Qb6 17. Nb3 Nxb2 18. Bxb2 Bxc3 19. Bxc3 Rxc3 20. Qd2 Rfc8 21. Bd1 Ne5 22. a4 bxa4 23. Nd4 Rd3 0-1


[Site "https://www.chess.com"]

[Event "Titled Tuesday Blitz July 25 Late 2023"]
[White "Awoki, Daniel Teidi"]
[Black "Aggelis, Nikolaos"]
[WhiteFideId "2100827"]
[BlackFideId "4213220"]
[WhiteElo "2325"]
[BlackElo "2609"]
[Result "0-1"]
[Round "3"]
[TimeControl "180+2"]
[Date "2023.07.25"]
[WhiteClock "0:00:01"]
[BlackClock "0:00:33"]
[Board "159"]

1. e4 c6 2. d4 d5 3. exd5 cxd5 4. c4 Nf6 5. Nc3 g6 6. cxd5 Bg7 7. Bc4 O-O 8. Be3 a6 9. Bb3 b5 10. a3 Bb7 11. Nf3 Nxd5 12. O-O Nxc3 13. bxc3 Nc6 14. a4 bxa4 15. Bxa4 Rc8 16. Rb1 Na5 17. Qd3 Bxf3 18. gxf3 Nc4 19. Bb3 Qc7 20. Rfc1 Rfd8 21. Ra1 a5 22. Bxc4 Qxc4 23. Qxc4 Rxc4 24. Rxa5 Rdc8 25. Ra3 Bxd4 26. Bxd4 Rxd4 27. cxd4 Rxc1+ 28. Kg2 Rd1 29. Ra4 e6 30. f4 Kg7 31. Kg3 Rd3+ 32. Kg2 Kf6 33. h3 h5 34. f3 Kf5 35. Ra7 f6 36. Kg3 Rxd4 37. Ra5+ Rd5 38. Ra4 Rb5 39. Re4 Rb1 40. h4 Rg1+ 41. Kf2 Rh1 42. Kg3 Rg1+ 43. Kf2 Rg4 44. fxg4+ Kxe4 45. f5 exf5 46. gxh5 gxh5 47. Ke2 Kf4 48. Kf2 Kg4 0-1


[Site "https://www.chess.com"]

[Event "Titled Tuesday Blitz July 25 Late 2023"]
[White "Pinheiro, Iung Alicio de O."]
[Black "kripri"]
[WhiteFideId "2104350"]
[WhiteElo "2607"]
[BlackElo "2325"]
[Result "0-1"]
[Round "3"]
[TimeControl "180+2"]
[Date "2023.07.25"]
[WhiteClock "0:00:00"]
[BlackClock "0:00:19"]
[Board "160"]

1. e4 c5 2. Nf3 e6 3. Nc3 d5 4. exd5 exd5 5. d4 Nc6 6. Bb5 a6 7. Bxc6+ bxc6 8. O-O Bd6 9. dxc5 Bxc5 10. Na4 Bd6 11. c4 Ne7 12. Be3 Rb8 13. cxd5 cxd5 14. Bc5 O-O 15. Bxd6 Qxd6 16. b3 Bg4 17. h3 Bh5 18. Re1 Nc6 19. g4 Bg6 20. Nd4 Ne5 21. Rxe5 Qxe5 22. Nc6 Qf6 23. Nxb8 Rxb8 24. Rc1 Be4 25. Qe2 Qh6 26. Rc3 Re8 27. Nc5 d4 28. Nxe4 dxc3 29. Nf6+ gxf6 30. Qxe8+ Kg7 31. Qc6 Qd2 32. g5 Qxg5+ 33. Kh2 Qf4+ 34. Kg2 Qd2 35. Qc4 c2 36. Qg4+ Qg5 0-1


[Site "https://www.chess.com"]

[Event "Titled Tuesday Blitz July 25 Late 2023"]
[White "morozcoma"]
[Black "Petesch, Gabriel"]
[BlackFideId "2032465"]
[WhiteElo "2318"]
[BlackElo "2580"]
[Result "1/2-1/2"]
[Round "3"]
[TimeControl "180+2"]
[Date "2023.07.25"]
[WhiteClock "0:00:06"]
[BlackClock "0:00:15"]
[Board "161"]

1. e4 e5 2. Nf3 d6 3. Nc3 Nf6 4. d4 exd4 5. Nxd4 Be7 6. Bd3 a6 7. O-O O-O 8. f4 Nc6 9. Nxc6 bxc6 10. Qf3 Be6 11. h3 Rb8 12. b3 Nd7 13. Bb2 Bf6 14. Rae1 Re8 15. Bxa6 Nc5 16. Bd3 Rb4 17. a3 Nxd3 18. Qxd3 Bc4 19. Qf3 Bd4+ 20. Kh2 Rb8 21. Rf2 Bxf2 22. Qxf2 c5 23. Qg3 f6 24. e5 dxe5 25. fxe5 Bf7 26. Ne4 fxe5 27. Bxe5 Bg6 28. Bxc7 Qd4 29. c3 Rxb3 30. cxd4 Rxg3 31. Kxg3 cxd4 32. Kf4 d3 33. Ba5 Ra8 34. Bb4 h6 35. g4 Re8 36. Nf2 Re2 37. Rxe2 dxe2 38. Ke3 h5 39. Kxe2 hxg4 40. hxg4 Be8 41. Ke3 Kf7 42. Kf4 Kg6 43. Nd3 Ba4 44. Ne5+ Kf6 45. Bc3 Ke6 46. Nc4 Bb3 47. Ne3 g6 48. Kg5 Kf7 49. Ng2 Bd5 50. Nf4 Be4 51. Kh6 Bc2 52. g5 Bf5 53. Bf6 Bc2 54. a4 Bxa4 55. Nxg6 Bc2 56. Ne5+ Ke6 57. Nf3 Bb1 58. Kg7 Kf5 59. Nd4+ Kg4 60. Nc6 Kh5 61. Ne5 Bc2 62. Nc4 Bb1 63. Nd2 Bc2 64. Nf1 Bb1 65. Ng3+ Kg4 66. Ne2 Bc2 67. Be7 Bb1 68. Kf6 Bc2 69. Nd4 Bb1 70. Ne6 Bc2 71. Ng7 Bb1 72. g6 Bxg6 73. Kxg6 Kf3 74. Kf5 Ke3 75. Ne6 Kd3 76. Ke5 Ke2 77. Kf4 Kd3 78. Kf3 Kc4 79. Ke4 Kc3 80. Bg5 Kc4 81. Be3 Kb5 82. Kd5 Kb4 83. Bd2+ Kb3 84. Kd4 Kc2 85. Ke3 Kb3 86. Kd3 Ka4 87. Kc4 Ka3 88. Nd4 Kb2 89. Kb4 Ka2 90. Kc3 Ka3 91. Kc2 Ka4 92. Bc3 Ka3 93. Ne6 Ka4 94. Nc5+ Kb5 95. Nb3 Kc6 96. Kd2 Kd5 97. Kd3 Kd6 98. Kd4 Ke6 99. Ke4 Kd6 100. Bb4+ Ke6 101. Bd6 Kxd6 1/2-1/2


[Site "https://www.chess.com"]

[Event "Titled Tuesday Blitz July 25 Late 2023"]
[White "jero888"]
[Black "Rottenwohrer Suarez, Juan"]
[BlackFideId "32068182"]
[WhiteElo "2313"]
[BlackElo "2522"]
[Result "1-0"]
[Round "3"]
[TimeControl "180+2"]
[Date "2023.07.25"]
[WhiteClock "0:00:09"]
[BlackClock "0:00:00"]
[Board "163"]

1. e4 c6 2. c4 d5 3. exd5 cxd5 4. d4 Nf6 5. Nc3 Nc6 6. Nf3 a6 7. cxd5 Nxd5 8. Bc4 Be6 9. Bb3 Na5 10. Bc2 g6 11. O-O Bg7 12. Re1 O-O 13. h3 Nxc3 14. bxc3 Rc8 15. Bd2 Nc4 16. Bb3 Bd5 17. Bf4 e6 18. Rc1 Qa5 19. Qe2 Rfd8 20. h4 h6 21. h5 g5 22. Bg3 Qa3 23. Ne5 Nxe5 24. Bxe5 Bxb3 25. Bxg7 Kxg7 26. axb3 Qxb3 27. Qe5+ Kg8 28. Qf6 Rd5 29. Qxh6 Qa3 30. c4 Rf5 31. d5 Qb2 32. f3 Qd4+ 33. Kh1 Qh4+ 34. Kg1 Qd4+ 35. Kh1 Qf6 36. Qxf6 Rxf6 37. d6 Rd8 38. c5 Kf8 39. Re5 Ke8 40. Rxg5 Kd7 41. Kg1 Rc8 42. Kf2 b6 43. g3 Rxc5 44. Rgxc5 bxc5 45. Rxc5 Kxd6 46. Ra5 Ke7 47. Rxa6 Rf5 48. g4 Rb5 49. Ra7+ Kf6 50. Ra4 Rb1 51. Kg3 Kg7 52. Kh4 Rb5 53. Rf4 Ra5 54. g5 Rb5 55. Kg4 Ra5 56. h6+ Kg8 57. Rf6 Ra4+ 58. f4 1-0


[Site "https://www.chess.com"]

[Event "Titled Tuesday Blitz July 25 Late 2023"]
[White "Bilan, Danila"]
[Black "Vifleemskaia, Svetlana"]
[WhiteFideId "24161918"]
[BlackFideId "4129490"]
[WhiteElo "2518"]
[BlackElo "2313"]
[Result "1-0"]
[Round "3"]
[TimeControl "180+2"]
[Date "2023.07.25"]
[WhiteClock "0:00:03"]
[BlackClock "0:00:00"]
[Board "164"]

1. d4 Nf6 2. Nf3 d5 3. c4 dxc4 4. e3 a6 5. Bxc4 b5 6. Be2 Bb7 7. O-O e6 8. a3 Nbd7 9. b4 Bd6 10. Bb2 O-O 11. Nbd2 Re8 12. Ne5 Nd5 13. Bf3 f6 14. Nd3 Kh8 15. Rc1 Ra7 16. Ne4 N5b6 17. Ndc5 Bd5 18. Nd2 Nc4 19. Nxc4 Bxc4 20. Re1 a5 21. Bc6 Nb8 22. Bxe8 Qxe8 23. Bc3 Nc6 24. Qf3 Ne7 25. bxa5 Nc6 26. Bb4 Nxa5 27. Bxa5 Rxa5 28. Nb7 Rxa3 29. Nxd6 cxd6 30. Ra1 Ra4 31. Qb7 h6 32. Rec1 d5 33. h3 Kh7 34. Qb6 Kg6 35. Rcb1 Qd7 36. Qb8 Qc6 37. Qd8 Qa6 38. Rxa4 Qxa4 39. Qe8+ Kf5 40. Qh5+ Ke4 41. Qf3+ Kd3 42. e4+ Kc2 43. Qd1+ 1-0


[Site "https://www.chess.com"]

[Event "Titled Tuesday Blitz July 25 Late 2023"]
[White "Benedetti, Julio"]
[Black "Biliy, Vadim"]
[WhiteFideId "172545"]
[BlackFideId "14114127"]
[WhiteElo "2505"]
[BlackElo "2307"]
[Result "1-0"]
[Round "3"]
[TimeControl "180+2"]
[Date "2023.07.25"]
[WhiteClock "0:00:14"]
[BlackClock "0:00:00"]
[Board "165"]

1. e4 d6 2. d4 Nf6 3. Nc3 g6 4. Bc4 Bg7 5. Qe2 c6 6. Nf3 O-O 7. e5 Nd5 8. exd6 Qxd6 9. Ne4 Qb4+ 10. c3 Qa5 11. O-O Nd7 12. Re1 N5b6 13. Bb3 Qh5 14. Ng3 Qa5 15. Qxe7 Nf6 16. Bg5 Nbd5 17. Qe2 Bg4 18. h3 Rae8 19. Qd3 Be6 20. Ne5 h6 21. Bd2 Qc7 22. Re2 b5 23. Rae1 Bc8 24. c4 bxc4 25. Qxc4 Bd7 26. Qc5 Rb8 27. Ba5 Qb7 28. Qd6 Rbc8 29. Bc4 Nb6 30. Bxb6 axb6 31. Nxg6 Rfd8 32. Ne7+ Kh7 33. Nxc8 Rxc8 34. Bxf7 Bxh3 35. Re7 Bd7 36. Nh5 1-0


[Site "https://www.chess.com"]

[Event "Titled Tuesday Blitz July 25 Late 2023"]
[White "Liu, Casper"]
[Black "AndresDelgado77"]
[WhiteFideId "1454153"]
[WhiteElo "2486"]
[BlackElo "2304"]
[Result "1/2-1/2"]
[Round "3"]
[TimeControl "180+2"]
[Date "2023.07.25"]
[WhiteClock "0:00:07"]
[BlackClock "0:00:11"]
[Board "166"]

1. e4 e6 2. d4 d5 3. Bd3 Nc6 4. exd5 exd5 5. Nf3 Bg4 6. c3 Bd6 7. O-O Qd7 8. Re1+ Nge7 9. Bg5 f6 10. Bh4 O-O-O 11. Nbd2 Nf5 12. Bxf5 Bxf5 13. Bg3 g5 14. b4 h5 15. b5 Ne7 16. Qa4 Kb8 17. Nb3 b6 18. c4 Bd3 19. c5 Bxb5 20. Qb4 Bxg3 21. hxg3 Bc4 22. cxb6 Nc6 23. bxa7+ Ka8 24. Qa4 Nxd4 25. Qa5 Nc2 26. Nc5 Qc6 27. Re6 Rd6 28. Rxd6 cxd6 29. Rc1 Qxc5 30. Qxc5 dxc5 31. Rxc2 Rc8 32. Nd2 Bd3 33. Rc1 c4 34. f3 c3 35. Nb3 Rc4 36. Kf2 Ra4 37. Rxc3 Bc4 38. Nd2 Rxa2 39. Ke3 Kxa7 40. Nxc4 dxc4 41. Rxc4 Rxg2 42. Rc6 Rxg3 43. Rxf6 g4 44. Kf2 Rh3 45. fxg4 hxg4 46. Rg6 Rf3+ 47. Kg2 Rf4 48. Kg3 Rf3+ 49. Kxg4 Rf1 50. Rg7+ Kb6 51. Rh7 Kc5 52. Re7 Kd4 53. Re8 Kd5 54. Re7 Kd6 55. Re2 Rg1+ 56. Kf4 Rf1+ 57. Ke4 Rf8 58. Kd4 Rf4+ 59. Re4 Rxe4+ 60. Kxe4 1/2-1/2


[Site "https://www.chess.com"]

[Event "Titled Tuesday Blitz July 25 Late 2023"]
[White "Ordekalog"]
[Black "SicilianPanzer"]
[WhiteElo "2485"]
[BlackElo "2303"]
[Result "1-0"]
[Round "3"]
[TimeControl "180+2"]
[Date "2023.07.25"]
[WhiteClock "0:00:32"]
[BlackClock "0:00:00"]
[Board "167"]

1. d4 Nf6 2. c4 e6 3. Nc3 Bb4 4. Bd2 c5 5. e3 O-O 6. Nf3 b6 7. Bd3 Bb7 8. O-O Nc6 9. d5 Ne7 10. e4 Ng6 11. e5 Ng4 12. a3 Bxc3 13. Bxc3 exd5 14. cxd5 Nf4 15. h3 Nh6 16. Be4 d6 17. exd6 Re8 18. Be5 Ng6 19. Bxg6 hxg6 20. Qd3 Nf5 21. Rfe1 Nxd6 22. Rad1 Qd7 23. Qc3 f6 24. Bf4 Ne4 25. Qc4 Nd6 26. Qb3 Ba6 27. Re6 Nf7 28. Rde1 Bb7 29. d6 Bc6 30. Re7 Qd8 31. Qxf7+ 1-0


[Site "https://www.chess.com"]

[Event "Titled Tuesday Blitz July 25 Late 2023"]
[White "Tsyhanchuk, Stanislav"]
[Black "ZugZwang1201"]
[WhiteFideId "13505130"]
[WhiteElo "2302"]
[BlackElo "2483"]
[Result "1-0"]
[Round "3"]
[TimeControl "180+2"]
[Date "2023.07.25"]
[WhiteClock "0:00:04"]
[BlackClock "0:00:02"]
[Board "168"]

1. c4 c5 2. Nc3 e6 3. e4 a6 4. Nge2 Qc7 5. d4 cxd4 6. Nxd4 Nf6 7. Be2 Be7 8. O-O d6 9. Be3 Nbd7 10. Rc1 h5 11. b4 h4 12. h3 g6 13. Nf3 Ne5 14. Nxe5 dxe5 15. c5 Nh5 16. Bxh5 Rxh5 17. b5 Qa5 18. a4 Bd7 19. Qd3 Rd8 20. Qc4 f5 21. c6 bxc6 22. bxc6 Bc8 23. exf5 gxf5 24. Rfd1 Rxd1+ 25. Rxd1 Qb4 26. Qxb4 Bxb4 27. c7 Bd7 28. Na2 Ba5 29. Rc1 Bc8 30. Rc5 Bb6 31. Rc4 Bxe3 32. fxe3 Rh7 33. a5 Kd7 34. Nb4 Kd6 35. Rc6+ Kd7 36. Kf2 e4 37. Rc2 Kd6 38. Rc6+ Ke5 39. Rc5+ Kf6 40. Rc6 Rd7 41. Ke2 Ke7 42. Nxa6 Bxa6+ 43. Rxa6 Rxc7 44. Rb6 Rc2+ 45. Kf1 Ra2 46. a6 Kf6 47. Rc6 Ke5 48. Rc5+ Kd6 49. Rc8 Rxa6 50. Rh8 Ra1+ 51. Kf2 Ra2+ 52. Kf1 Ra3 53. Kf2 Ra2+ 54. Kf1 Ke5 55. Rxh4 Kf6 56. Rh6+ Ke5 57. g4 Rh2 58. g5 Ra2 59. Rh8 Kd5 60. g6 Ra7 61. Rd8+ Ke5 62. h4 Kf6 63. h5 Kg7 64. Re8 Kh6 65. Rh8+ Kg5 66. Rh7 Ra1+ 67. Ke2 Kf6 68. Rf7+ Ke5 69. g7 Rg1 70. h6 Rg2+ 71. Kf1 1-0


[Site "https://www.chess.com"]

[Event "Titled Tuesday Blitz July 25 Late 2023"]
[White "Yeritsyan, Hayk"]
[Black "Zanette, Edgard Vinicius"]
[WhiteFideId "13307320"]
[BlackFideId "2109263"]
[WhiteElo "2477"]
[BlackElo "2301"]
[Result "1/2-1/2"]
[Round "3"]
[TimeControl "180+2"]
[Date "2023.07.25"]
[WhiteClock "0:00:12"]
[BlackClock "0:00:11"]
[Board "169"]

1. d4 Nf6 2. Nf3 e6 3. e3 c5 4. Bd3 Nc6 5. c3 d5 6. Nbd2 Be7 7. Qe2 O-O 8. O-O Qc7 9. dxc5 Bxc5 10. e4 dxe4 11. Nxe4 Nxe4 12. Bxe4 f5 13. Bc2 a5 14. Qc4 Ne7 15. Qh4 Ng6 16. Qh5 Nf4 17. Bxf4 Qxf4 18. Qg5 Qxg5 19. Nxg5 h6 20. Nf3 a4 21. b4 axb3 22. axb3 Bd7 23. b4 Be7 24. Bb3 Bf6 25. Nd4 Bxd4 26. cxd4 Rfc8 27. h4 g5 28. hxg5 hxg5 29. Rxa8 Rxa8 30. Re1 Kf7 31. d5 Re8 32. Rc1 Kf6 33. Rc7 Bc8 34. dxe6 Bxe6 35. Bxe6 Rxe6 36. Rxb7 Re1+ 37. Kh2 f4 38. f3 Rb1 39. Rb8 Kg7 40. b5 Rb2 41. b6 Kh7 42. b7 Kg7 43. Kg1 Kh7 44. Kf1 Kg7 45. Ke1 Kh7 46. Kd1 Kg7 47. Kc1 Rb5 48. Kc2 Kh7 49. Kd3 Kg7 50. Kc4 Rb1 51. Kd5 Kh7 52. Ke6 Kg7 53. Kf5 Rb5+ 54. Kg4 Kh7 55. Rc8 Rxb7 56. Kxg5 Rg7+ 57. Kxf4 Rxg2 58. Rc5 Ra2 59. Rg5 Ra4+ 60. Kg3 Ra3 61. Kg4 Ra1 62. f4 Rg1+ 63. Kf5 Rxg5+ 64. Kxg5 Kg7 65. Kf5 Kf7 66. Ke5 Ke7 67. Kf5 Kf7 68. Kg5 Kg7 69. f5 Kf7 70. f6 Kf8 71. Kf4 Ke8 72. Ke5 Kf7 73. Kf5 Kf8 74. Kg4 Kg8 75. Kh5 Kf7 76. Kg5 Kf8 77. Kf4 Kf7 78. Kf5 Kf8 79. Kg6 Kg8 80. Kh6 Kf7 81. Kg5 1/2-1/2


[Site "https://www.chess.com"]

[Event "Titled Tuesday Blitz July 25 Late 2023"]
[White "Wang, Alexander J"]
[Black "Barski, Radoslaw"]
[WhiteFideId "30955270"]
[BlackFideId "1131710"]
[WhiteElo "2293"]
[BlackElo "2473"]
[Result "1-0"]
[Round "3"]
[TimeControl "180+2"]
[Date "2023.07.25"]
[WhiteClock "0:00:31"]
[BlackClock "0:00:00"]
[Board "170"]

1. e4 e5 2. Nf3 Nc6 3. Bb5 a6 4. Ba4 Nf6 5. d4 exd4 6. O-O Be7 7. Re1 O-O 8. Bb3 d6 9. Nxd4 Nxd4 10. Qxd4 Be6 11. Nc3 c5 12. Qd3 b5 13. Bd5 Rb8 14. Bf4 b4 15. Ne2 Nxd5 16. exd5 Bd7 17. c4 bxc3 18. bxc3 Rb6 19. c4 Bf6 20. Rab1 Rxb1 21. Rxb1 g6 22. Ng3 Bc8 23. Qb3 h5 24. Ne4 Bf5 25. f3 Bd4+ 26. Kh1 Bxe4 27. fxe4 Qf6 28. Rf1 Re8 29. Qd3 Qe7 30. h3 Rb8 31. Qg3 Rb6 32. Qf3 a5 33. Bg5 Qe8 34. Bf6 Bxf6 35. Qxf6 a4 36. e5 Rb7 37. Qxd6 Re7 38. Qxc5 Rxe5 39. Qf2 1-0


[Site "https://www.chess.com"]

[Event "Titled Tuesday Blitz July 25 Late 2023"]
[White "marik_spb"]
[Black "Ramadoss, Ashokkumar"]
[BlackFideId "5040990"]
[WhiteElo "2470"]
[BlackElo "2285"]
[Result "1-0"]
[Round "3"]
[TimeControl "180+2"]
[Date "2023.07.25"]
[WhiteClock "0:01:48"]
[BlackClock "0:01:20"]
[Board "171"]

1. e4 e6 2. d4 d5 3. e5 c5 4. c3 Qb6 5. Nf3 Nc6 6. a3 Bd7 7. b4 cxd4 8. cxd4 Rc8 9. Bd3 Nh6 10. Bxh6 gxh6 11. O-O Nxd4 12. Nbd2 Bb5 13. Bxb5+ Nxb5 14. Nb3 Nc3 15. Qd2 Ne4 16. Qf4 Bg7 17. Nfd4 Rc4 18. Rac1 Rxd4 19. Nxd4 Qxd4 20. Rc8+ Ke7 21. Rc7+ 1-0


[Site "https://www.chess.com"]